 Dungeon Crawl Stone Soup version 0.32-a0-391-gce5c0aa (webtiles) character file.

Game seed: 4993587602902454023

560 Nithhogg the Covered (level 7, -1/61 HPs)
             Began as a Mountain Dwarf Fighter on Feb 19, 2024.
             Slain by an orc
             ... wielding a +0 hand axe
              (5 damage)
             ... on level 4 of the Dungeon.
             The game lasted 00:05:37 (2835 turns).

Nithhogg the Covered (Mountain Dwarf Fighter)       Turns: 2835, Time: 00:05:37

Health: -1/61      AC:  8    Str: 21    XL:     7   Next: 9%
Magic:  10/10      EV:  9    Int:  8    God:
Gold:   151        SH:  0    Dex:  9    Spells: 6/6 levels left

rFire   . . .        d - +7 staff of the Meek {protect, meekguard}
rCold   . . .        (shield currently unavailable)
rNeg    . . .        b - +1 scale mail
rPois   .            (no helmet)
rElec   .            (no cloak)
rCorr   .            (no gloves)
SInv    .            (no boots)
Will    .....        (no amulet) Stlth
                     (no ring)
HPRegen 0.30/turn    (no ring)
MPRegen 0.12/turn

%: no passive effects
@: brilliant, silenced
A: runic magic, artefact enchanting
a: no special abilities


You were on level 4 of the Dungeon.
You visited 1 branch of the dungeon, and saw 4 of its levels.

You collected 151 gold pieces.

Inventory:

Hand Weapons
 a - a +1 war axe of freezing
 d - the +7 staff of the Meek (weapon) {protect, meekguard}
   (You found it on level 2 of the Dungeon)
 q - a +0 flail of protection
Missiles
 h - 3 poisoned darts (quivered)
Armour
 b - a +1 scale mail (worn)
 c - a +0 buckler
 k - the +2 robe of the Monkey's Uncle {rElec}
   (You found it on level 2 of the Dungeon)

   rElec:     It insulates you from electricity.
Jewellery
 e - a ring of willpower
 o - an amulet of regeneration
 p - an amulet of reflection
Wands
 r - a wand of mindburst (17)
Scrolls
 l - 6 scrolls of identify
Potions
 t - a potion of lignification {unknown}


   Skills:
 + Level 5.2 Fighting
 + Level 5.0 Axes
 + Level 5.3 Armour
 - Level 3.2 Shields
 + Level 4.7 Invocations


You had 6 spell levels left.
You didn't know any spells.
Your spell library contained the following spells:

 Spells                   Type           Power      Damage    Failure   Level
 Magic Dart               Conj           0%         1d3       47%         1
 Blink                    Tloc           0%         N/A       63%         2
 Call Imp                 Summ           0%         N/A       63%         2
 Lesser Beckoning         Tloc           0%         N/A       63%         2
 Momentum Strike          Conj/Tloc      0%         3d8       63%         2


Dungeon Overview and Level Annotations

Branches:
Dungeon (4/15)
 Temple: D:4-7

Altars:
Xom

Annotations:
D:4 1 runed translucent door, eternalray's ghost, amateur MiFi


Innate Abilities, Weirdness & Mutations

Your spellcasting is much less encumbered by armour.
You can use scrolls of enchantment on lesser artefacts.


Message History

The ufetubus closely misses you. The ufetubus misses you.
The ufetubus hits you but does no damage.
The orc hits you but does no damage. The white imp gestures at you.
The puff of frost hits you! The orc priest barely misses you.
The quokka closely misses you.
You closely miss the orc priest. The ufetubus hits you.
The ufetubus closely misses you.
The ufetubus hits you but does no damage. x2
The orc hits you but does no damage. The white imp hits you.
* * * LOW HITPOINT WARNING * * *
The white imp freezes you.
* * * LOW HITPOINT WARNING * * *
The orc priest hits you but does no damage.
The quokka closely misses you. The ufetubus barely misses you. x3
The ufetubus hits you but does no damage.
You closely miss the kobold.
The ufetubus hits you but does no damage. x2
The ufetubus barely misses you.
The ufetubus hits you but does no damage.
The kobold barely misses you. The quokka barely misses you.
The orc hits you with a +0 hand axe.
* * * LOW HITPOINT WARNING * * *
The white imp barely misses you. The orc priest closely misses you.
The ufetubus hits you.
* * * LOW HITPOINT WARNING * * *
The ufetubus hits you but does no damage.
The ufetubus hits you.
* * * LOW HITPOINT WARNING * * *
The ufetubus hits you.
* * * LOW HITPOINT WARNING * * *
The quokka bites you but does no damage.
The kobold hits you but does no damage. The white imp closely misses you.
The orc closely misses you.
It was a potion of brilliance.
You feel clever all of a sudden.
The orc priest hits you but does no damage.
The quokka bites you but does no damage.
The kobold closely misses you. The orc hits you with a +0 hand axe.
You die...

....~~~ .... ####....~~~≈
..... #......P...♣ ###
..... ###..........##...
..⌠... ..#..........#..#
#......
..#............####......#
..#...........#.5o5......#
................hog......#
.#....?.......#5@rJ.......
..............#Ko5.....!..
#...............5.........
.))......................∩
........).................
.)..............###..##...
.............!..# ... ..
......>...∩....... #.##
†#†)............##


You could see a hound, an orc priest, a white imp (unsilenced), 2 shadow imps, 2
ufetubi, 2 orcs, an endoplasm (unsilenced), a quokka, a goblin and a kobold.

Vanquished Creatures
  2 phantoms
  A quasit (D:4)
  An orc priest (D:4)
  A sleepcap (D:3)
  An iguana (D:4)
  Ijyb (D:3)
  Terence (D:3)
  Natasha (thrice) (D:2)
  3 adders
  A shadow imp (D:4)
  2 ufetubi (D:4)
  2 dart slugs
  A ribbon worm (D:2)
  8 orcs
  5 endoplasms
  3 giant cockroaches
  11 goblins
  4 hobgoblins
  5 kobolds
  A quokka (D:4)
  9 ball pythons
  A bat (D:1)
  3 frilled lizards (D:1)
  3 rats
73 creatures vanquished.

Notes
Turn   | Place    | Note
-------+----------+-------------------------------------------
     0 | D:1      | Nithhogg the Mountain Dwarf Fighter began the quest for the
                  | Orb.
     0 | D:1      | Reached XP level 1. HP: 19/19 MP: 1/1
    89 | D:1      | Reached skill level 1 in Invocations
    89 | D:1      | Reached XP level 2. HP: 25/26 MP: 2/2
   518 | D:1      | Reached XP level 3. HP: 28/33 MP: 4/4
  1083 | D:2      | Identified the +2 robe of the Monkey's Uncle {rElec}
  1232 | D:2      | Noticed Natasha
  1239 | D:2      | Reached XP level 4. HP: 26/40 MP: 5/5
  1240 | D:2      | HP: 2/40 [cerulean imp/+3 spear[Natasha] (7)]
  1244 | D:2      | Killed Natasha
  1369 | D:2      | Found the +7 staff of the Meek {protect, meekguard}
  1532 | D:2      | Noticed Natasha
  1539 | D:2      | Killed Natasha
  1576 | D:2      | Noticed Natasha
  1581 | D:2      | Killed Natasha
  1582 | D:2      | Reached XP level 5. HP: 46/46 MP: 7/7
  1841 | D:3      | Noticed a phantom
  1851 | D:3      | Killed a phantom
  1983 | D:3      | Noticed Terence
  1989 | D:3      | Noticed Ijyb
  1990 | D:3      | Killed Terence
  1991 | D:3      | Reached XP level 6. HP: 53/53 MP: 8/8
  1997 | D:3      | Killed Ijyb
  2426 | D:3      | Found a shimmering altar of Xom.
  2662 | D:4      | Reached skill level 5 in Fighting
  2662 | D:4      | Reached skill level 5 in Armour
  2677 | D:4      | Found a runed translucent door.
  2699 | D:4      | Noticed eternalray's ghost (amateur MiFi)
  2706 | D:4      | Reached skill level 5 in Axes
  2706 | D:4      | Reached XP level 7. HP: 44/61 MP: 10/10
  2835 | D:4      | Slain by an orc

Illustrated notes

Levels and vault maps discovered:
D:1:      matt_arrival_spirals, layout_rooms, serial_forest,
          infiniplex_forest_lined_corner, infiniplex_forest_lined_3_way,
          infiniplex_forest_end_1, infiniplex_forest_end_1,
          infiniplex_forest_clump_curved, infiniplex_forest_clump_small,
          infiniplex_forest_clump_small, infiniplex_forest_clump_large,
          infiniplex_forest_lined_room_, st_stairs_2
D:2:      layout_rooms, uniq_natasha
D:3:      layout_loops_corners, regret_index_xom_buried_treasure, uniq_terence,
          uniq_ijyb
D:4:      layout_rooms, ebering_ghost_sewer_d, serial_demonic, serial_demonic_d,
          serial_demonic_f, serial_demonic_d, serial_demonic_d,
          serial_demonic_b, serial_demonic_a, enter_ossuary_2,
          uniq_crazy_yiuf_cottage

Skill      XL: |  1  2  3  4  5  6 |
---------------+-------------------+-----
Invocations    | 1 2 3 4 |  4.7
Axes           | 3 4 5 |  5.0
Fighting       | 4 5 |  5.2
Armour         | 4 5 |  5.3
Shields        | |  3.2

Action                     |  1- 3 |  4- 6 |  7- 9 || total
---------------------------+-------+-------+-------++-------
  Melee: War axe           |   164 |     4 |       ||   168
         Quarterstaff      |       |    96 |    13 ||   109
    Use: Potion            |       |     2 |     1 ||     3
         Scroll            |       |       |     7 ||     7
 Armour: Scale mail        |    84 |   165 |    84 ||   333
  Dodge: Dodged            |    39 |    93 |    51 ||   183

Table legend: (Time is in decaauts)
 A = Elapsed time spent in this place.
 B = Non-inter-level travel time spent in this place.
 C = Inter-level travel time spent in this place.
 D = Time resting spent in this place.
 E = Time spent auto-exploring this place.
 F = Levels seen in this place.
 G = Mean time per level.
                   A        B        C        D        E       F      G
               +--------+--------+--------+--------+--------+-----+--------+
         Total |   2938 |   2897 |     41 |      0 |   2207 |   4 |  734.5 |
       Dungeon |   2938 |   2897 |     41 |      0 |   2207 |   4 |  734.5 |
               +--------+--------+--------+--------+--------+-----+--------+

Top non-repeatable levels by time:
     D:1: 1042 daAuts
     D:3: 1032 daAuts
     D:2: 654 daAuts
     D:4: 209 daAuts
